 Dungeon Crawl Stone Soup version 0.18.1-50-g88ac8fd (webtiles) character file.

102 Nordron the Ruffian (level 4, -1/38 HPs)
             Began as a Naga Transmuter on Sept 29, 2016.
             Slain by an orc
             ... wielding a +0 flail
              (5 damage)
             ... on level 3 of the Dungeon.
             The game lasted 00:08:54 (2505 turns).

Nordron the Ruffian (Naga Transmuter)               Turns: 2505, Time: 00:08:54

Health: -1/38      AC:  3    Str: 13    XL:     4   Next: 78%
Magic:  6/7        EV: 10    Int: 13    God:
Gold:   131        SH:  3    Dex: 12    Spells: 1 memorised, 6 levels left

rFire  . . .     SeeInvis +       - Unarmed
rCold  . . .     Gourm    .     b - +0 robe
rNeg   . . .     Faith    .     (no shield)
rPois  +         Spirit   .     (no helmet)
rElec  .         Dismiss  .     h - +0 cloak
rCorr  .         Reflect  +     (no gloves)
SustAt .         Harm     .     (no barding)
MR     .....                    e - +3 amulet of reflection
Stlth  +.........               (no ring)
                                (no ring)

@: appendage, very slow, not resistant to hostile enchantments, very unstealthy
A: horns 2, see invisible, deformed body, poison resistance, slowness 2, slow
metabolism 1, spit poison 2, AC +1
a: Spit Poison, End Transformation


You were on level 3 of the Dungeon.
You were not hungry.
You had grown temporary horns.
You visited 1 branch of the dungeon, and saw 3 of its levels.

You collected 131 gold pieces.

Inventory:

Hand Weapons
 f - a +3 dagger
 k - a +1 dagger of speed
 r - a +3 short sword
Missiles
 a - 70 arrows
Armour
 b - a +0 robe (worn)
 g - a +0 leather armour
 h - a +0 cloak (worn)
 l - a +0 buckler
 n - a +0 leather armour
Jewellery
 e - a +3 amulet of reflection (around neck)
Scrolls
 i - 5 scrolls of identify {unknown}
 j - a scroll of remove curse {unknown}
 m - a scroll of noise {unknown}
 t - a scroll of amnesia {unknown}
Potions
 o - 3 potions of might {unknown}
 p - a potion of degeneration {unknown}
 u - a potion of mutation {unknown}
Books
 c - a book of Changes

   Spells                             Type                      Level
   a - Beastly Appendage              Transmutation                1
   b - Sticks to Snakes               Transmutation                2
   c - Spider Form                    Transmutation/Poison         3
   d - Ice Form                       Ice/Transmutation            4
   e - Blade Hands                    Transmutation                5
Comestibles
 d - a bread ration
 q - a chunk of flesh
 s - 2 meat rations


   Skills:
 + Level 1.4 Fighting
 + Level 1.1 Armour
 + Level 2.0 Dodging
 + Level 1.0 Shields
 * Level 3.6 Unarmed Combat
 + Level 2.2 Spellcasting
 * Level 2.6 Transmutations


You had 6 spell levels left.
You knew the following spells:

 Your Spells              Type           Power        Failure   Level  Hunger
a - Beastly Appendage     Trmt           #.....       10%         1    ##.....


Dungeon Overview and Level Annotations

Branches:
Dungeon (3/15)

Altars:
Dithmenos
Kikubaaqudgha
Makhleb
Nemelex Xobeh
Okawaru
The Shining One


Innate Abilities, Weirdness & Mutations

You cannot wear boots.
Your serpentine skin is tough (AC +1).
You have supernaturally acute eyesight.
Armour fits poorly on your strangely shaped body.
Your system is resistant to poisons.
You cover ground very slowly.
You have a slow metabolism.
You can spit poison.
You have a pair of horns on your head.


Message History

Drink which item? (? for menu, Esc to quit)
Okay, then.
Your horns disappear.
The orc hits you with a flail!
* * * LOW HITPOINT WARNING * * *
You see here a mace.
Casting: Beastly Appendage
Confirm with . or Enter, or press ? or * to list all spells.
You grow a pair of large bovine horns.
The orc hits you with a flail.
* * * LOW HITPOINT WARNING * * *
You hit the orc but do no damage.
The orc is heavily wounded.
You hit the orc but do no damage.
The orc is heavily wounded.
The orc hits you with a flail.
* * * LOW HITPOINT WARNING * * *
You hit the orc but do no damage.
The orc is heavily wounded.
The orc hits you with a flail.
You die...

#............#
#.#.#######...##
#.###.......[#
#.#...........#
#.# #........#
#.###########.##
#.# #)รท......#
#..............#
#.# #........#
##############.#
#.##.........###
#..
#.##...........#
##.
#.......######.#
#. ##.....# #@#
#. #.....#
#o####### ##
#.....#


#oo(ooZ.# ...### ######o........... #.#......### .....# ... # ....# ### #### #..
You could see 3 orcs.

Vanquished Creatures
  Jessica (D:2)
  2 adders
  A dart slug (D:1)
  3 giant geckos
  2 ball pythons
  3 giant cockroaches
  7 hobgoblins
  5 jackals (D:2)
  A kobold (D:2)
  6 bats
  2 giant newts
  7 goblins
  9 rats
49 creatures vanquished.

Notes
Turn   | Place    | Note
--------------------------------------------------------------
     0 | D:1      | Nordron the Naga Transmuter began the quest for the Orb.
     0 | D:1      | Reached XP level 1. HP: 18/18 MP: 3/3
   474 | D:1      | Reached XP level 2. HP: 5/25 MP: 3/5
  1304 | D:2      | Reached XP level 3. HP: 19/31 MP: 4/6
  1405 | D:2      | Found a glowing golden altar of the Shining One.
  1650 | D:2      | Found a burning altar of Makhleb.
  1650 | D:2      | Found an iron altar of Okawaru.
  1650 | D:2      | Found an ancient bone altar of Kikubaaqudgha.
  1779 | D:2      | Found a sparkling altar of Nemelex Xobeh.
  1838 | D:2      | Found a shadowy altar of Dithmenos.
  1986 | D:2      | Noticed Jessica
  1997 | D:2      | Killed Jessica
  1997 | D:2      | Reached skill level 1 in Armour
  1997 | D:2      | Reached skill level 1 in Shields
  1997 | D:2      | Reached XP level 4. HP: 28/38 MP: 7/7
  2505 | D:3      | Slain by an orc

Skill      XL: |  1  2  3 |
---------------+----------+-----
Armour         | 1 |  1.1
Dodging        | 2 |  2.0
Shields        | 1 |  1.0
Fighting       | |  1.4
Unarmed Combat | |  3.6
Spellcasting   | |  2.2
Transmutations | |  2.6

Action                   |  1- 3 |  4- 6 || total
-------------------------+-------+-------++-------
Melee: Unarmed           |   140 |    40 ||   180
       Headbutt          |    14 |     3 ||    17
       Punch             |     3 |       ||     3
 Cast: Beastly Appendage |    36 |     7 ||    43
  Eat: Chunk             |     3 |     2 ||     5
Armor: Robe              |    29 |     9 ||    38
Dodge: Dodged            |    79 |    20 ||    99
Block: Other             |    19 |     4 ||    23
